 Dungeon Crawl Stone Soup version 0.18-a0-1797-gc18daef (webtiles) character file.

33 Zhenya25pyc the Covered (level 3, -4/23 HPs)
             Began as a Gargoyle Fighter on Apr 22, 2016.
             Slain by a hobgoblin
             ... wielding a +0 club
             ... led by Robin
              (6 damage)
             ... on level 2 of the Dungeon.
             The game lasted 00:01:00 (443 turns).

Zhenya25pyc the Covered (Gargoyle Fighter)           Turns: 443, Time: 00:01:00

Health: -4/23      AC: 10    Str: 20    XL:     3   Next: 29%
Magic:  3/3        EV:  7    Int:  8    God:
Gold:   31         SH:  9    Dex:  9    Spells: 0 memorised, 2 levels left

rFire  . . .     SeeInvis .     a - +0 flail
rCold  . . .     Gourm    .     b - +0 scale mail
rNeg   + . .     Faith    .     c - +0 shield
rPois  ∞         Spirit   .     (no helmet)
rElec  +         Dismiss  .     (no cloak)
rCorr  .         Reflect  .     (no gloves)
SustAt .         Harm     .     (no boots)
MR     .....                    (no amulet)
Stlth  ..........               (no ring)
                                (no ring)

@: not resistant to hostile enchantments, extremely unstealthy
A: negative energy resistance 1, electricity resistance, unbreathing,
petrification resistance, rot immunity, AC +3
a: no special abilities


You were on level 2 of the Dungeon.
You were not hungry.

You visited 1 branch of the dungeon, and saw 2 of its levels.

You collected 31 gold pieces.

Inventory:

Hand Weapons
 a - a +0 flail (weapon)
Armour
 b - a +0 scale mail (worn)
 c - a +0 shield (worn)
Jewellery
 h - a cursed ring of teleportation {unknown}
Scrolls
 g - a scroll of noise {unknown}
 i - 3 scrolls of amnesia {unknown}
 j - a scroll of fog {unknown}
 l - a scroll of identify {unknown}
 m - a scroll of recharging {unknown}
 n - a scroll of enchant weapon {unknown}
Potions
 d - a potion of might
 e - a potion of invisibility {unknown}
 k - 2 potions of heal wounds {unknown}
 o - 2 potions of curing {unknown}
 p - a potion of cancellation {unknown}
Comestibles
 f - 2 bread rations


   Skills:
 + Level 3.5 Fighting
 * Level 3.0 Maces & Flails
 + Level 3.7 Armour
 - Level 3.2 Shields


You had 2 spell levels left.
You didn't know any spells.

Dungeon Overview and Level Annotations

Branches:
Dungeon (2/15)

Altars:

Annotations:
D:2 Robin


Innate Abilities, Weirdness & Mutations

You are resistant to torment.
Your stone body is resilient (AC +3).
You are immune to poison.
You resist negative energy.
You are resistant to electric shocks.
You can survive without breathing.
You are immune to petrification.
You are immune to rotting.


Message History

You barely miss the goblin.
The goblin is severely wounded.
The goblin no longer looks unusually strong. x3
The goblin hits you but does no damage.
Robin roars a battlecry!
The goblins go into a battle-frenzy!
The goblin closely misses you. The goblin completely misses you.
The goblin hits you but does no damage. You block the goblin's attack.
The goblin hits you with a dagger.
* * * LOW HITPOINT WARNING * * *
The goblin hits you but does no damage.
The hobgoblin hits you but does no damage.
The goblin hits you but does no damage. x2; You block the goblin's attack.
The goblin hits you but does no damage. You block the goblin's attack.
The goblin hits you but does no damage.
You hit the goblin.
You kill the goblin!
The goblin no longer looks unusually strong.
You block the goblin's attack. The hobgoblin hits you with a club.
You die...

#.........
#........
#.......#
#.......
#......#
#.).gg.#
#..gggg####.#
#..gg@g.....#
#...g)g###..#
#.###.## #.#
#.# #.# #.#
#.# #.#
#.###.#
####.##..#
#.......##


You could see Robin, 2 hobgoblins and 8 goblins.

Vanquished Creatures
  An ooze (D:1)
  A dart slug (D:1)
  A giant gecko (D:1)
  A bat (D:1)
  5 giant cockroaches
  A goblin (D:2)
  2 hobgoblins
  2 jackals (D:1)
  3 kobolds (D:1)
  2 giant newts (D:1)
  4 rats (D:1)
23 creatures vanquished.

Notes
Turn   | Place    | Note
--------------------------------------------------------------
     0 | D:1      | Zhenya25pyc the Gargoyle Fighter began the quest for the Orb.
     0 | D:1      | Reached XP level 1. HP: 14/14 MP: 1/1
   103 | D:1      | Reached XP level 2. HP: 18/19 MP: 2/2
   282 | D:1      | Reached XP level 3. HP: 23/23 MP: 3/3
   431 | D:2      | Noticed Robin
   443 | D:2      | Slain by a hobgoblin

Vault maps used:
D:1:      nagdon_arrival_double_spiral, minmay_misc_feat_ornament
D:2:      lemuel_upstairs_altar, minitemple, kennysheep_crisscross, uniq_robin

Skill      XL: |  1  2  3 |
---------------+----------+-----
Maces & Flails | 3 |  3.0
Fighting       | |  3.5
Armour         | |  3.7
Shields        | |  3.2

Action                   || total
-------------------------++-------
Melee: Flail             ||    73
Armor: Scale mail        ||    66
Dodge: Dodged            ||    44
Block: Shield            ||    55
